 Dungeon Crawl Stone Soup version 0.30-a0-782-ge64f9170bb (console) character file.

Game seed: 10083362144286189393

4851 rlgrobin the Thaumaturge (level 10, -3/88 HPs)
             Began as a Naga Hedge Wizard on Feb 23, 2023.
             Was a Follower of Ashenzari.
             Slain by a manticore (8 damage)
             ... on level 9 of the Dungeon.
             The game lasted 00:34:11 (9436 turns).

rlgrobin the Thaumaturge (Naga Hedge Wizard)        Turns: 9436, Time: 00:34:11

Health: -3/88      AC:  7    Str: 12    XL:     10   Next: 49%
Magic:  20/22      EV:  9    Int: 19    God:    Ashenzari [*.....]
Gold:   506        SH:  3    Dex: 11    Spells: 10/25 levels left

rFire   . . .      SeeInvis +    a - +6 spear (venom)
rCold   . . .      Faith    .    h - +0 buckler
rNeg    . . .      Spirit   .    b - +0 robe
rPois   +          Reflect  .    c - +0 hat of the Shattered Vision {Evo, Cun} (curse)
rElec   .          Harm     .    n - +0 cloak "Celubruxt" {+Inv}
rCorr   .          Rampage  .    f - +1 pair of gloves
Will    ++...                    (no barding)
Stlth   +++                      i - amulet "Cosmic Agnosticism" {RegenMP, Comp, Bglg} (curse)
HPRegen 0.34/turn                s - ring of willpower
MPRegen 0.58/turn                (no ring)

@: hasted and slowed, very slow
A: AC +3, large, see invisible, deformed body, poison resistance, slowness 2,
spit poison 1, naga tail 1
a: Spit Poison, Renounce Religion, Evoke Invisibility, Curse Item, Shatter the
Chains


You were on level 9 of the Dungeon.
You worshipped Ashenzari.
Ashenzari was aware of your devotion.
You visited 1 branch of the dungeon, and saw 9 of its levels.

You collected 506 gold pieces.

Inventory:

Hand Weapons
 a - a +6 spear of venom (weapon)
Missiles
 I - a throwing net
Armour
 b - a +0 robe (worn)
 c - the cursed +0 hat of the Shattered Vision (worn) {Evo, Cun}

   It has a curse which improves the following skills: Evocations: Evocations.
   Cunning:   Dodging and Stealth.
 f - a +1 pair of gloves (worn)
 h - a +0 buckler (worn)
 n - the +0 cloak "Celubruxt" (worn) {+Inv}
   (You found it on level 5 of the Dungeon)

   +Inv:      It lets you turn invisible.
 p - a +0 helmet
 t - a +0 kite shield
 w - a +2 ring mail of cold resistance
Jewellery
 i - the cursed amulet "Cosmic Agnosticism" (around neck) {RegenMP, Comp, Bglg}
   (You found it on level 1 of the Dungeon)

   [amulet of magic regeneration]

   It increases your rate of magic regeneration.
   It has a curse which improves the following skills: Companions: Summonings
   and Necromancy.
   Beguiling: Conjurations, Hexes and Translocations.
 s - a ring of willpower (left hand)
Wands
 C - a wand of roots (2)
 E - a wand of charming (11)
Scrolls
 e - a scroll of amnesia
 g - a scroll of enchant armour
 j - 7 scrolls of fear
 k - a scroll of butterflies
 m - a scroll of brand weapon
 r - 2 scrolls of poison
 v - 3 scrolls of vulnerability
 y - a scroll of silence
 B - 2 scrolls of fog
 D - 3 scrolls of teleportation
 F - a scroll of blinking
Potions
 d - 2 potions of magic
 l - a potion of attraction
 o - a potion of mutation
 q - a potion of resistance
 u - 2 potions of flight
 x - 3 potions of cancellation
 z - a potion of brilliance
 A - a potion of curing
 G - a potion of might
 H - a potion of haste


   Skills:
 - Level 5.0 Fighting
 - Level 0.2 Polearms
 - Level 1.5(2.2) Dodging
 - Level 5.3(6.1) Stealth
 - Level 8.3 Spellcasting
 - Level 5.2(6.0) Conjurations
 + Level 2.1(2.8) Hexes
 + Level 6.8(7.7) Summonings
 - Level 1.0(1.5) Translocations
 - Level 6.0 Ice Magic
 - Level 2.2 Poison Magic


You had 10 spell levels left.
You knew the following spells:

 Your Spells              Type           Power      Damage    Failure   Level
a - Magic Dart            Conj           100%       1d8       1%          1
b - Call Imp              Summ           37%        N/A       1%          2
c - Mephitic Cloud        Conj/Pois/Air  18%        N/A       11%         3
d - Blink                 Tloc           26%        N/A       9%          2
e - Frozen Ramparts       Ice            60%        1d10      2%          3
f - Summon Ice Beast      Ice/Summ       34%        N/A       7%          4

Your spell library contained the following spells:

 Spells                   Type           Power      Damage    Failure   Level
 Slow                     Hex            72%        N/A       3%          1
 Tukima's Dance           Hex            18%        N/A       11%         3
 Cigotuvi's Dreadful Rot  Necr/Pois/Air  20%        N/A       12%         2
 Ice Form                 Ice/Tmut       19%        N/A       32%         4
 Summon Mana Viper        Hex/Summ       28%        N/A       34%         5
 Passage of Golubria      Tloc           13%        N/A       52%         4
 Yara's Violent Unravell  Hex/Tmut       6%         3d5       86%         5
 Monstrous Menagerie      Summ           18%        N/A       98%         7


Dungeon Overview and Level Annotations

Branches:
Dungeon (9/15)             Temple (0/1) D:5
   Lair: D:8-11         Orc: D:9-12

Altars:
Ashenzari
Cheibriados
Makhleb
Nemelex Xobeh
Okawaru
Sif Muna
Uskayaw
Yredelemnul

Annotations:
D:6 Grinder
D:8 2 transporters, st0uf2x's ghost, novice DrTm


Innate Abilities, Weirdness & Mutations

Your serpentine skin is tough. (AC +3)
You have supernaturally acute eyesight. (SInv)
Armour fits poorly on your strangely shaped body.
Your system is resistant to poisons. (rPois)
You cover ground very slowly.
You can spit poison.
You have a snake-like lower body.


Message History

Confirm with . or Enter, or press ? or * to list all spells.
Aiming: Mephitic Cloud (dangerous; 11% risk of failure)
Press: ? - help, Shift-Dir - straight line, f - manticore
Aim: a manticore (lightly wounded, confused, very poisoned, ally target, chance to affect: 58%)
The ball explodes into a vile cloud!
The stinking cloud engulfs the centaur but does no damage.
The stinking cloud engulfs the manticore but does no damage.
The manticore is lightly wounded.
The stinking cloud engulfs your ice beast but does no damage.
Your ice beast is lightly wounded.
The stinking cloud engulfs you but does no damage.
Your ice beast hits the manticore.
Your ice beast freezes the manticore!
The manticore is engulfed in noxious fumes.
The manticore bites you!
* * * LOW HITPOINT WARNING * * *
The manticore claws you!
* * * LOW HITPOINT WARNING * * *
The manticore claws you.
* * * LOW HITPOINT WARNING * * *
The centaur hits you with a +0 trident.
* * * LOW HITPOINT WARNING * * *
The centaur kicks you but does no damage.
Your ice beast hits the manticore.
Your ice beast freezes the manticore!
The manticore is engulfed in noxious fumes.
The manticore bites the centaur but does no damage.
The manticore claws the centaur.
The manticore barely misses the centaur.
Your crimson imp blinks!
The centaur hits you but does no damage.
The centaur kicks you but does no damage.
Okay, then.
You feel yourself speed up. The centaur barely misses you.
The centaur kicks you but does no damage.
The centaur unwields a +0 shortbow.
The centaur hits your ice beast. The centaur kicks your ice beast.
Your ice beast barely misses the centaur.
The manticore is engulfed in noxious fumes.
The manticore bites you but does no damage.
The manticore claws you!
You die...

,,,* *,,* *,,,**,,,,,,,,,,,,,
,,,* *,,* #...#*,,,,,,,,,,,,,
,,,* *,,* #...#**,,,,,,,,,,,,
,,,* *,,* #...# *,,,,,,,,,,,,
,,,* *,,* #...# *,..,,,,,,,,,
,,,** *,,* #...###...,,,,,,,,,
,,,,** #.,* #.........,,,,,,,,,
,,,,,####..* #.....5...,,,,,,,,,
,,,,,......* #H@#**#...,,,,,,,,,
,*,,,,.....* #Yc##.....,,,,,,,,,
***,,,.....####☼c†......,,,,,,,,,
***,,****#<......###c###,,,,,,,,,
,**,,* #.......#,,,,,*,,,,,,,,,
,**,,* #.......#,***,*,,,,,,,,,
,,,,,* #..###..#,,,,,*,,,,,,,,,
,,,,** #..# #..#,***,*,,,,,,,,,
*,,,* #..# #..#,,,,,*,,,,,,,,,


You could see a manticore (confused, very poisoned, ally target), 2 centaurs, a
friendly ice beast (summoned) and a friendly crimson imp (summoned).

Vanquished Creatures
  A wyvern (D:8)
  A wraith (D:9)
  A water moccasin (D:6)
  A sky beast (D:7)
  A black bear (D:4)
  A centaur (D:8)
  5 ogres
  A phantom (D:5)
  A kobold brigand (D:8)
  3 bullfrogs
  3 gnoll sergeants
  2 necrophages
  A wight (D:7)
  A water moccasin zombie (D:5)
  12 killer bees
  A centaur zombie (D:5)
  4 hounds
  3 orc priests
  3 iguanas
  2 orc wizards (D:5)
  A killer bee zombie (D:5)
  A howler monkey zombie (D:5)
  2 gnolls
  9 adders
  A shadow imp (D:8)
  An ufetubus (D:5)
  A worm (D:2)
  17 orcs
  10 endoplasms
  3 giant cockroaches
  6 goblins
  2 hobgoblins
  3 jackals (D:5)
  9 kobolds
  4 quokkas
  4 ball pythons
  A bat (D:3)
  5 frilled lizards
  2 rats
130 creatures vanquished.

Vanquished Creatures (collateral kills)
  Joseph (D:8)
  A cyclops (D:7)
  2 water moccasins
  An ogre (D:6)
  A bullfrog (D:8)
  2 gnoll sergeants
  A wyvern zombie (D:5)
  A scorpion (D:6)
  A water moccasin zombie (D:5)
  8 wights
  2 killer bees
  A hound (D:6)
  An iguana (D:6)
  A nameless horror (D:6)
  8 gnolls
  An adder (D:6)
  2 orcs (D:5)
  A kobold (D:8)
36 creatures vanquished.

Vanquished Creatures (others)
  An unseen horror (D:8)
1 creature vanquished.

Grand Total: 167 creatures vanquished

Notes
Turn   | Place    | Note
-------+----------+-------------------------------------------
     0 | D:1      | rlgrobin the Naga Hedge Wizard began the quest for the Orb.
     0 | D:1      | Reached XP level 1. HP: 15/15 MP: 4/4
   307 | D:1      | Reached XP level 2. HP: 22/22 MP: 0/6
   404 | D:1      | Learned a level 2 spell: Call Imp
   855 | D:2      | Found a faded altar of an unknown god.
  1181 | D:2      | Prayed at the altar of an unknown god.
  1181 | D:2      | Became a worshipper of Ashenzari the Shackled
  1265 | D:2      | Reached XP level 3. HP: 14/28 MP: 4/8
  1391 | D:2      | Learned a level 3 spell: Mephitic Cloud
  1838 | D:3      | Found a shimmering blue altar of Sif Muna.
  1858 | D:3      | Reached XP level 4. HP: 35/36 MP: 1/9
  1883 | D:3      | Reached skill level 1 in Poison Magic
  2412 | D:4      | Noticed a black bear
  2453 | D:4      | Found a burning altar of Makhleb.
  2531 | D:4      | Reached skill level 4 in Spellcasting
  2556 | D:4      | Noticed an ogre
  2652 | D:4      | Noticed a necrophage
  2845 | D:4      | Found a sparkling altar of Nemelex Xobeh.
  2962 | D:4      | Killed a necrophage
  2963 | D:4      | Reached XP level 5. HP: 42/42 MP: 11/11
  2995 | D:4      | Identified the cursed +0 hat of the Shattered Vision {Evo,
                  | Cun}
  3190 | D:4      | Found an iron altar of Okawaru.
  3362 | D:4      | You fall into a shaft and drop 2 floors!
  3364 | D:6      | Noticed an ogre
  3406 | D:6      | Reached * piety under Ashenzari
  3439 | D:5      | Entered Level 5 of the Dungeon
  3439 | D:5      | Noticed a phantom
  3474 | D:6      | Found a snail-covered altar of Cheibriados.
  3491 | D:6      | Noticed a water moccasin
  3525 | D:6      | Noticed Grinder
  3538 | D:6      | Learned a level 2 spell: Blink
  3560 | D:6      | Noticed an ogre
  3572 | D:6      | Noticed an ogre
  3598 | D:6      | Reached XP level 6. HP: 43/49 MP: 9/12
  3726 | D:5      | Reached skill level 5 in Spellcasting
  3869 | D:5      | Reached XP level 7. HP: 55/55 MP: 11/14
  3963 | D:5      | Found a staircase to the Ecumenical Temple.
  4215 | D:5      | Learned a level 3 spell: Frozen Ramparts
  4341 | D:5      | Found a basalt altar of Yredelemnul.
  4482 | D:4      | Reached skill level 1 in Ice Magic
  4533 | D:4      | Reached XP level 8. HP: 62/62 MP: 10/16
  4638 | D:5      | Identified the +0 cloak "Celubruxt" {+Inv}
  4714 | D:5      | Learned a level 4 spell: Summon Ice Beast
  5036 | D:6      | Reached skill level 5 in Summonings
  5512 | D:6      | Reached skill level 5 in Ice Magic
  5806 | D:6      | Reached XP level 9. HP: 68/68 MP: 15/17
  6220 | D:6      | Reached skill level 6 in Spellcasting
  6289 | D:6      | Reached skill level 5 in Conjurations
  6636 | D:7      | Found a broken altar of Ashenzari.
  6732 | D:7      | Reached skill level 1 in Fighting
  6881 | D:7      | Noticed a cyclops
  6905 | D:7      | Killed a cyclops
  7050 | D:7      | Reached skill level 7 in Spellcasting
  7569 | D:8      | Noticed Joseph
  7571 | D:8      | Reached XP level 10. HP: 57/87 MP: 13/21
  8266 | D:8      | Noticed an unseen horror
  8279 | D:8      | Reached skill level 5 in Fighting
  8295 | D:8      | Found a transporter.
  8297 | D:8      | Noticed st0uf2x's ghost (novice DrTm)
  8328 | D:8      | Reached skill level 8 in Spellcasting
  8346 | D:8      | Killed Joseph
  8347 | D:8      | Reached skill level 5 in Stealth
  8645 | D:8      | Found a hide-covered altar of Uskayaw.
  8665 | D:8      | Found a transporter.
  8696 | D:8      | Killed an unseen horror
  9072 | D:8      | Reached skill level 1 in Hexes
  9425 | D:9      | Noticed a manticore
  9436 | D:9      | Slain by a manticore

Illustrated notes

Levels and vault maps discovered:
D:1:      arrival_zaba_pyramid, layout_loops_ring
D:2:      layout_loops_corners, chequers_ecumenical_altar_simple_redux
D:3:      layout_rooms, mainiacjoe_overflow_boulevard, minmay_liquid_box
D:4:      minmay_angry_zag, layout_loops_ring, lemuel_doored_altar,
          kennysheep_mini_moat, lemuel_round_altar, dk_noncrumbling_2
D:5:      layout_cave_pools, nicolae_yredelemnul_corpse_copse, temple_pool_b
D:6:      minmay_recursive_quarters, layout_basic, overflow_temple_1_default,
          uniq_grinder
D:7:      layout_basic, mainiacjoe_overflow_brackets
D:8:      layout_loops_ring, eat_drink_and_be_merry_uskayaw,
          gammafunk_ghost_arena, kennysheep_nondescript, wad_floor_pattern_1,
          uniq_joseph
D:9:      layout_long_grid, nicolae_kikubaaqudgha_miasma_corner, enter_bailey_2,
          nicolae_eternal_life, hangedman_decor_growths, minmay_checkerbox

Skill      XL: |  1  2  3  4  5  6  7  8  9 10 |
---------------+-------------------------------+-----
Conjurations   | 2 3 4 5 |  5.2
Poison Magic   | 2 |  2.2
Spellcasting   | 4 5 7 8 |  8.3
Summonings     | 3 6 |  6.8
Ice Magic      | 2 5 6 |  6.0
Fighting       | 4 5 |  5.0
Stealth        | 5 |  5.3
Hexes          | 2 |  2.1
Polearms       | |  0.2
Dodging        | |  1.5
Translocations | |  1.0

Action                     |  1- 3 |  4- 6 |  7- 9 | 10-12 || total
---------------------------+-------+-------+-------+-------++-------
  Melee: Whip              |     6 |     8 |    38 |       ||    52
         Punch             |     1 |       |       |     1 ||     2
         Unarmed           |       |     4 |     5 |       ||     9
         Spear             |       |       |    38 |    87 ||   125
   Cast: Magic Dart        |    68 |    88 |   116 |    10 ||   282
         Call Imp          |       |     3 |    13 |     7 ||    23
         Mephitic Cloud    |       |       |    19 |     6 ||    25
         Summon Ice Beast  |       |       |    25 |    21 ||    46
         Frozen Ramparts   |       |       |     2 |       ||     2
         Blink             |       |       |       |     3 ||     3
 Invoke: Curse Item        |     1 |     1 |       |       ||     2
Ability: Spit Poison       |    12 |    16 |    22 |     3 ||    53
  Evoke: Wand              |       |       |     3 |     2 ||     5
    Use: Scroll            |       |     8 |     4 |     2 ||    14
         Potion            |       |     2 |     2 |     1 ||     5
   Stab: Sleeping          |       |     1 |       |     1 ||     2
         Confused          |       |       |       |     2 ||     2
         Distracted        |       |       |       |     1 ||     1
 Armour: Robe              |     3 |     5 |    28 |    35 ||    71
         Skin              |       |     3 |     2 |       ||     5
  Dodge: Dodged            |    14 |    26 |    71 |    54 ||   165
  Block: Buckler           |       |       |       |     3 ||     3

Table legend: (Time is in decaauts)
 A = Elapsed time spent in this place.
 B = Non-inter-level travel time spent in this place.
 C = Inter-level travel time spent in this place.
 D = Time resting spent in this place.
 E = Time spent auto-exploring this place.
 F = Levels seen in this place.
 G = Mean time per level.
                   A        B        C        D        E       F      G
               +--------+--------+--------+--------+--------+-----+--------+
         Total |  11844 |  11044 |    800 |   2048 |   6612 |   9 | 1316.0 |
       Dungeon |  11844 |  11044 |    800 |   2048 |   6612 |   9 | 1316.0 |
               +--------+--------+--------+--------+--------+-----+--------+

Top non-repeatable levels by time:
     D:7: 2188 daAuts
     D:6: 2139 daAuts
     D:5: 1549 daAuts
     D:4: 1538 daAuts
     D:2: 1335 daAuts
     D:8: 1121 daAuts
     D:1: 1060 daAuts
     D:3: 764 daAuts
     D:9: 146 daAuts
